 Dungeon Crawl Stone Soup version 0.29-a0-96-g93358da72b (webtiles) character file.

Game seed: 10993008854162030864

42 Sweetruy1997 the Skirmisher (level 3, -1/29 HPs)
             Began as a Demonspawn Chaos Knight on Feb 11, 2022.
             Was a Plaything of Xom.
             Slain by a komodo dragon (shapeshifter) (16 damage)
             ... on level 2 of the Dungeon.
             The game lasted 00:02:21 (1214 turns).

Sweetruy1997 the Skirmisher (DsCK)                  Turns: 1214, Time: 00:02:22

Health: -1/29      AC:  5    Str: 12    XL:     3   Next: 35%
Magic:  3/3        EV: 11    Int: 13    God:    Xom [.*....]
Gold:   1332       SH:  0    Dex: 14    Spells: 2/2 levels left

rFire   . . .      SeeInvis .   a - +0 hand axe (chaos)
rCold   . . .      Faith    .   (no shield)
rNeg    . . .      Spirit   .   b - +2 leather armour
rPois   .          Reflect  .   (helmet restricted)
rElec   .          Harm     .   (no cloak)
rCorr   .          Rampage  .   (no gloves)
Will    .....                   (no boots)
Stlth   +.........              (no amulet)
HPRegen 0.09/turn               (no ring)
MPRegen 0.08/turn               (no ring)

@: about to teleport
A: antennae 1, foul stench 1
a: Renounce Religion


You were on level 2 of the Dungeon.
You worshipped Xom.
You were a plaything of Xom.
You visited 1 branch of the dungeon, and saw 2 of its levels.

You collected 1332 gold pieces.

Inventory:

Hand Weapons
 a - a +0 hand axe of chaos (weapon)
Armour
 b - a +2 leather armour (worn)
Scrolls
 h - a scroll of enchant armour
Potions
 e - a potion of degeneration {unknown}
 f - a potion of flight {unknown}
 i - a potion of lignification {unknown}
 j - a potion of mutation {unknown}


   Skills:
 + Level 3.6 Fighting
 + Level 3.2 Axes
 + Level 2.1 Armour
 + Level 1.0 Dodging
 + Level 0.2 Stealth


You had 2 spell levels left.
You didn't know any spells.
Your spell library contained the following spells:

 Spells                   Type           Power      Damage    Failure   Level
 Sublimation of Blood     Necr           0%         N/A       52%         2
 Wereblood                Tmut           0%         N/A       52%         2
 Summon Hydra             Summ           0%         N/A       100%        7


Dungeon Overview and Level Annotations

Branches:
Dungeon (2/15)

Altars:


Innate Abilities, Weirdness & Mutations

You have a pair of small antennae on your head.
You may rarely emit foul miasma when damaged in melee.


Message History

The slug dart hits you but does no damage. "Hum-dee-hum-dee-hum..."
The dart slug changes into a shapeshifter!
The shapeshifter changes into a komodo dragon!
You barely miss the komodo dragon. You punch the komodo dragon.
The komodo dragon is lightly wounded.
The komodo dragon closely misses you.
You hit the komodo dragon but do no damage.
The komodo dragon is poisoned.
The komodo dragon is lightly wounded. "Serve the mortal, my children!"
The komodo dragon bites you!
Unknown command.
You swap places.
The komodo dragon bites your iron imp!
Your iron imp dies!
Your iron imp disappears in a puff of smoke!
You swap places.
The komodo dragon bites your iron imp but does no damage.
Your iron imp hits the komodo dragon.
Your crimson imp hits the komodo dragon.
The komodo dragon bites your iron imp!!
Your iron imp dies!
Your iron imp degenerates into a cloud of primal chaos!
Your crimson imp barely misses the komodo dragon.
You aren't carrying any items that you can evoke.
As you read the scroll labelled PALAFA AVEOF, it crumbles to dust.
It is a scroll of amnesia.
You feel forgetful for a moment.
As you read the scroll labelled VEMNIF QIPIE, it crumbles to dust.
You feel strangely unstable.
It was a scroll of teleportation.
Xom smirks.
You feel aware of your surroundings. The komodo dragon bites you.
Your crimson imp barely misses the komodo dragon.
As you read the scroll labelled UKHLOPE KEEGERRUOPN, it crumbles to dust.
It is a scroll of identify.
h - a scroll of enchant armour The komodo dragon bites you!
Ouch! That really hurt!
You die...
Xom chortles!

** ,,*,* #..... ##......#
#.#### *.......######.#
*..............#
..$....######.# *#......*
#.#### #....# #.....
#########.#.# * #.##.#
######........@..##.## *##.##.#
#.............l....... , .....#
#.###).#######5#..#.## *##.####
#.# #.......##.##.#.######.####
#.###..###.....##.#...†........
#......# #..#####.########...##
#....#.###..## #.# ###.#
#............# #.# #.#
#....#.###...# #.# #.#


You could see a komodo dragon shaped shifter (poisoned, ally target) and a
friendly crimson imp (summoned).

Vanquished Creatures
  2 adders (D:2)
  An endoplasm (D:1)
  3 goblins (D:1)
  2 hobgoblins (D:2)
  3 jackals (D:1)
  2 quokkas (D:1)
  3 ball pythons (D:1)
  2 bats
  2 frilled lizards
  2 kobolds (D:1)
  3 rats (D:1)
25 creatures vanquished.

Notes
Turn   | Place    | Note
-------+----------+-------------------------------------------
     0 | D:1      | Sweetruy1997 the Demonspawn Chaos Knight began the quest
                  | for the Orb.
     0 | D:1      | Reached XP level 1. HP: 18/18 MP: 1/1
   116 | D:1      | Found a faded altar of an unknown god.
   122 | D:1      | XOM: potion effect (invisibility)
   125 | D:1      | Gained mutation: You may rarely emit foul miasma when
                  | damaged in melee. [demonic ancestry]
   125 | D:1      | Reached XP level 2. HP: 15/24 MP: 2/2
   262 | D:1      | XOM: 2-stop teleportation journey
   429 | D:1      | XOM: divination: detect creatures
   563 | D:1      | XOM: noise
   621 | D:1      | XOM: god gift: 1271 gold pieces
   755 | D:1      | XOM: confuse monster(s)
   831 | D:2      | XOM: enchant monster (bad)
   992 | D:2      | Reached skill level 1 in Dodging
   992 | D:2      | Gained mutation: You have a pair of small antennae on your
                  | head. [demonic ancestry]
   992 | D:2      | Reached XP level 3. HP: 18/29 MP: 3/3
  1174 | D:2      | XOM: silly message
  1204 | D:2      | Noticed a shapeshifter
  1204 | D:2      | a dart slug changed into a shapeshifter
  1204 | D:2      | XOM: polymorph dart slug -> shapeshifter
  1204 | D:2      | Noticed a komodo dragon
  1204 | D:2      | a shapeshifter changed into a komodo dragon
  1206 | D:2      | XOM: summons 3 friendly demons
  1212 | D:2      | XOM: divination: magic mapping
  1214 | D:2      | Slain by a komodo dragon (shapeshifter)

Illustrated notes

Levels and vault maps discovered:
D:1:      dpeg_arrival_tiny_a, layout_rooms, nicolae_ecumenical_snake_handling
D:2:      layout_loops_ring, minmay_misc_feat_ornament

Skill      XL: |  1  2 |
---------------+-------+-----
Axes           | 3 |  3.2
Armour         | 2 |  2.1
Dodging        | 1 |  1.0
Fighting       | |  3.6
Stealth        | |  0.2

Action                   || total
-------------------------++-------
Melee: Hand axe          ||    72
       Punch             ||     2
  Use: Scroll            ||     3
 Stab: Invisible         ||     2
       Sleeping          ||     1
Armor: Leather armour    ||    31
Dodge: Dodged            ||    45

Table legend: (Time is in decaauts)
 A = Elapsed time spent in this place.
 B = Non-inter-level travel time spent in this place.
 C = Inter-level travel time spent in this place.
 D = Time resting spent in this place.
 E = Time spent auto-exploring this place.
 F = Levels seen in this place.
 G = Mean time per level.
                   A        B        C        D        E       F      G
               +--------+--------+--------+--------+--------+-----+--------+
         Total |   1225 |   1221 |      4 |    224 |    810 |   2 |  612.5 |
       Dungeon |   1225 |   1221 |      4 |    224 |    810 |   2 |  612.5 |
               +--------+--------+--------+--------+--------+-----+--------+

Top non-repeatable levels by time:
     D:1: 795 daAuts
     D:2: 430 daAuts
